 Dungeon Crawl Stone Soup version 0.30.1-4-g462c640d31 (webtiles) character file.

Game seed: 1801530933162945477

53 FishyPogo the Chiller (level 3, -9/19 HPs)
             Began as a Deep Elf Ice Elementalist on Aug 13, 2023.
             Was a Follower of Lugonu.
             Mangled by a gnoll
             ... wielding a +1 whip of electrocution
              (15 damage)
             ... on level 2 of the Dungeon.
             The game lasted 00:06:33 (913 turns).

FishyPogo the Chiller (Deep Elf Ice Elementalist)    Turns: 913, Time: 00:06:33

Health: -9/19      AC:  3    Str:  5    XL:     3   Next: 64%
Magic:  15/19      EV: 13    Int: 21    God:    Lugonu [*.....]
Gold:   81         SH:  0    Dex: 15    Spells: 5/9 levels left

rFire   . . .        (no weapon)
rCold   . . .        j - orb {*channel}
rNeg    . . .        a - +0 robe
rPois   .            (no helmet)
rElec   .            (no cloak)
rCorr   .            i - +0 pair of gloves
SInv    .            (no boots)
Will    .....        (no amulet)
Stlth   ++           f - ring of magical power
HPRegen 0.23/turn    (no ring)
MPRegen 0.16/turn

%: channel magic (20%)
@: no status effects
A: no striking features
a: Renounce Religion, Depart the Abyss


You were on level 2 of the Dungeon.
You worshipped Lugonu.
Lugonu was aware of your devotion.
You visited 1 branch of the dungeon, and saw 2 of its levels.

You collected 81 gold pieces.

Inventory:

Missiles
 g - 22 stones
Armour
 a - a +0 robe (worn)
 i - a +0 pair of gloves (worn)
 j - an orb of energy (worn)
Jewellery
 f - a ring of magical power (left hand)
Scrolls
 d - a scroll of fog {unknown}
 h - a scroll of amnesia {unknown}
 k - a scroll of immolation {unknown}
Potions
 b - a potion of magic
 l - a potion of berserk rage {unknown}


   Skills:
 + Level 0.9 Staves
 * Level 3.6 Dodging
 - Level 3.0 Stealth
 + Level 3.5 Spellcasting
 * Level 4.6 Ice Magic
 + Level 0.1 Invocations


You had 5 spell levels left.
You knew the following spells:

 Your Spells              Type           Power      Damage    Failure   Level
a - Freeze                Ice            92%        1d9       8%          1
b - Frozen Ramparts       Ice            46%        1d7       16%         3

Your spell library contained the following spells:

 Spells                   Type           Power      Damage    Failure   Level
 Ozocubu's Armour         Ice            23%        N/A       16%         3
 Sublimation of Blood     Necr           3%         N/A       38%         2
 Summon Ice Beast         Ice/Summ       13%        N/A       65%         4
 Petrify                  Tmut/Erth      3%         N/A       90%         4
 Irradiate                Conj/Tmut      1%         3d12      99%         5


Dungeon Overview and Level Annotations

Branches:
Dungeon (2/15)

Altars:
Lugonu


Message History

Lugonu accepts your kill.
The gnoll shouts!
The gnoll hits you from afar with a +0 spear.
The gnoll hits you with a +0 spear.
* * * LOW HITPOINT WARNING * * *
It was a potion of curing.
You feel better. The gnoll closely misses you.
The gnoll throws a stone.
The stone barely misses you.
Okay, then.
Okay, then.
Casting: Freeze (safe; 8% risk of failure)
Confirm with . or Enter, or press ? or * to list all spells.
Aiming: Freeze (safe; 8% risk of failure)
Press: ? - help, Shift-Dir - straight line, f - gnoll
Aim: a gnoll, wielding a +0 spear You freeze the gnoll!
The gnoll is severely wounded.
The gnoll throws a stone.
The stone hits you. The gnoll hits you but does no damage.
Casting: Freeze (safe; 8% risk of failure)
Confirm with . or Enter, or press ? or * to list all spells.
Aiming: Freeze (safe; 8% risk of failure)
Press: ? - help, Shift-Dir - straight line, f/p - gnoll
Aim: a gnoll, wielding a +0 spear (severely wounded)
You freeze the gnoll.
The gnoll is almost dead.
The gnoll hits you with a +1 whip of electrocution.
The gnoll closely misses you.
Casting: Freeze (safe; 8% risk of failure)
Confirm with . or Enter, or press ? or * to list all spells.
Aiming: Freeze (safe; 8% risk of failure)
Press: ? - help, Shift-Dir - straight line, f/p - gnoll
Aim: a gnoll, wielding a +0 spear (almost dead)
You freeze the gnoll!
You kill the gnoll!
Lugonu accepts your kill. Magical energy flows into your mind!
The gnoll hits you with a +1 whip of electrocution.
You are electrocuted!
Ouch! That really hurt!
You die...

.#..##...........g# #.......##..
###†.#.#..........# #......###..
###...#..........####.......##..
#................##...._.....###
...##.............##.....g....#
..####...#.#.#................#
.......#.#.......###...........#
#####...........).#..............
...$..........g@...#............
####.........<.....#..[.........
..........†...................
#######..........##.......
#.............?..).
#......)..####$... ...........#
.. .............# .............#


You could see a gnoll.

Vanquished Creatures
  A gnoll (D:2)
  An adder (D:2)
  2 dart slugs (D:1)
  3 ball pythons (D:1)
  3 endoplasms (D:1)
  A giant cockroach (D:1)
  2 goblins (D:1)
  4 hobgoblins
  4 kobolds
  3 quokkas
  6 bats (D:1)
  4 frilled lizards
  6 rats
40 creatures vanquished.

Notes
Turn   | Place    | Note
-------+----------+-------------------------------------------
     0 | D:1      | FishyPogo the Deep Elf Ice Elementalist began the quest for
                  | the Orb.
     0 | D:1      | Reached XP level 1. HP: 10/10 MP: 6/6
   171 | D:1      | Reached XP level 2. HP: 10/15 MP: 8/8
   423 | D:1      | Reached XP level 3. HP: 14/19 MP: 9/9
   671 | D:1      | Learned a level 3 spell: Frozen Ramparts
   755 | D:2      | Found a faded altar of an unknown god.
   819 | D:2      | Prayed at the altar of an unknown god.
   819 | D:2      | Became a worshipper of Lugonu the Unformed
   819 | D:2      | Reached * piety under Lugonu
   913 | D:2      | Mangled by a gnoll

Illustrated notes

Levels and vault maps discovered:
D:1:      minmay_arrival_four_loops, layout_rooms
D:2:      layout_rooms, basic_ecumenical_altar, uniq_jessica

Skill      XL: |  1  2 |
---------------+-------+-----
Dodging        | 3 |  3.6
Stealth        | 3 |  3.0
Staves         | |  0.9
Spellcasting   | |  3.5
Ice Magic      | |  4.6
Invocations    | |  0.1

Action                     || total
---------------------------++-------
  Melee: Unarmed           ||     7
   Cast: Freeze            ||    55
         Frozen Ramparts   ||     1
    Use: Scroll            ||     2
         Potion            ||     1
 Armour: Robe              ||    14
  Dodge: Dodged            ||    25
